 Dungeon Crawl Stone Soup version 0.21.1-1-g345015f (webtiles) character file.

475 kaesh the Ruffian (level 6, -10/62 HPs)
             Began as a Troll Monk on Feb 25, 2018.
             Mangled by a gnoll
             ... wielding a +0 halberd
              (12 damage)
             ... on level 3 of the Dungeon.
             The game lasted 00:07:41 (2124 turns).

kaesh the Ruffian (Troll Monk)                      Turns: 2124, Time: 00:07:41

Health: -10/62     AC:  5    Str: 21 (22) XL:     6   Next: 84%
Magic:  5/5        EV: 11    Int:  6      God:
Gold:   128        SH:  0    Dex: 12      Spells: 5/5 levels left

rFire    x . .     SeeInvis .     - Unarmed
rCold    + . .     Gourm    +   (no shield)
rNeg     . . .     Faith    .   a - +0 robe
rPois    .         Spirit   .   (helmet restricted)
rElec    .         Reflect  .   (no cloak)
rCorr    .         Harm     .   (gloves unavailable)
MR       .....                  (boots unavailable)
Stlth    ++........             (no amulet)
HPRegen  0.60/turn              c - ring of ice
MPRegen  0.09/turn              (no ring)

@: no status effects
A: large, unfitting armour, claws 3, fast metabolism 3, gourmand, regeneration
1, shaggy fur 1, tough skin 2
a: no special abilities


You were on level 3 of the Dungeon.
You were very full.

You visited 1 branch of the dungeon, and saw 3 of its levels.

You collected 128 gold pieces.

Inventory:

Armour
 a - a +0 robe (worn)
Jewellery
 c - a ring of ice (left claw)
Wands
 d - a wand of flame (29)
Scrolls
 e - a scroll of teleportation
 g - a scroll of remove curse
 i - a scroll of identify
Comestibles
 b - 7 rations
 h - 10 chunks of flesh


   Skills:
 + Level 4.2 Fighting
 + Level 4.2 Dodging
 - Level 1.0 Stealth
 + Level 5.0 Unarmed Combat


You had 5 spell levels left.
You didn't know any spells.

Dungeon Overview and Level Annotations

Branches:
Dungeon (3/15)

Altars:


Innate Abilities, Weirdness & Mutations

You are too large for most types of armour.
You have claws for hands.
Your metabolism is lightning-fast.
You like to eat raw meat.
Your natural rate of healing is unusually fast.
You are covered in fur. (AC +1)
You have very tough skin. (AC +2)


Message History

The gnoll hits you with a spear.
* * * LOW HITPOINT WARNING * * *
The gnoll hits you but does no damage.
You scratch the gnoll.
The gnoll is lightly wounded.
The gnoll misses you. The gnoll closely misses you.
You claw the gnoll!
The gnoll is severely wounded.
The gnoll completely misses you.
The gnoll hits you from afar with a halberd.
* * * LOW HITPOINT WARNING * * *
You scratch the gnoll.
The gnoll is severely wounded.
The gnoll hits you with a spear.
* * * LOW HITPOINT WARNING * * *
You scratch the gnoll.
You kill the gnoll!
You feel your strength returning.
The gnoll hits you from afar with a halberd!
You die...

#.##.##.#.####....###
..##....#.........#
#.....###.#######.#
..........#.......#
.####.#...#.#######
......#...#.# #.###
........#...# #<..#
..).......########.#
..........##..g)@..#
..........##.#######
#.#######.##.####
....# #.........#
.##.# #....g....#
....# #)........#
..### #.g.......# ..#
###.........# .##
#gg.......[.#


You could see a gnoll.

Vanquished Creatures
  A phantom (D:2)
  A bullfrog skeleton (D:3)
  A gnoll shaman (D:3)
  Terence (D:2)
  A worker ant zombie (D:2)
  7 adders
  15 gnolls
  An ooze (D:1)
  3 dart slugs
  2 leopard geckos
  5 orcs (D:3)
  2 ball pythons (D:2)
  7 giant cockroaches
  6 goblins
  2 hobgoblins (D:1)
  14 jackals (D:3)
  2 quokkas
  4 bats
  2 frilled lizards (D:2)
  2 kobolds
  4 rats
83 creatures vanquished.

Notes
Turn   | Place    | Note
-------+----------+-------------------------------------------
     0 | D:1      | kaesh the Troll Monk began the quest for the Orb.
     0 | D:1      | Reached XP level 1. HP: 22/22 MP: 0/0
     3 | D:1      | Noticed an electric eel
     3 | D:1      | Noticed an electric eel
   288 | D:1      | Reached XP level 2. HP: 26/29 MP: 1/1
   595 | D:2      | Reached XP level 3. HP: 34/36 MP: 2/2
   621 | D:2      | Noticed Terence
   626 | D:2      | Noticed a phantom
   636 | D:2      | Killed Terence
   643 | D:2      | Reached XP level 4. HP: 13/45 MP: 3/3
   658 | D:2      | HP: 2/45 [phantom (3)]
   660 | D:2      | Killed a phantom
   660 | D:2      | Reached skill level 4 in Unarmed Combat
   660 | D:2      | Reached XP level 5. HP: 3/53 MP: 4/4
  1578 | D:3      | Reached XP level 6. HP: 62/62 MP: 5/5
  2060 | D:3      | Reached skill level 5 in Unarmed Combat
  2123 | D:3      | HP: 1/62 [gnoll/spear (5)]
  2124 | D:3      | Mangled by a gnoll

Skill      XL: |  1  2  3  4  5  6 |
---------------+-------------------+-----
Fighting       | 3 4 |  4.2
Dodging        | 3 4 |  4.2
Unarmed Combat | 4 5 |  5.0
Stealth        | |  1.0

Action                   |  1- 3 |  4- 6 || total
-------------------------+-------+-------++-------
Melee: Unarmed           |    49 |   207 ||   256
       Punch             |     2 |     4 ||     6
  Use: Scroll            |       |     4 ||     4
       Potion            |       |     4 ||     4
 Stab: Sleeping          |     4 |       ||     4
  Eat: Chunk             |     6 |    18 ||    24
Armor: Robe              |    14 |    62 ||    76
       Skin              |       |    36 ||    36
Dodge: Dodged            |    27 |   137 ||   164
